 Dungeon Crawl Stone Soup version 0.31-a0-210-gccc998df9b (webtiles) character file.

Game seed: 10484635680106375089

68 qw the Shooter (level 4, -2/36 HPs)
             Began as a Minotaur Hexslinger on June 30, 2023.
             Slain by a gnoll
             ... wielding a +0 spear
              (4 damage)
             ... on level 2 of the Dungeon.
             The game lasted 00:00:30 (1252 turns).

qw the Shooter (Minotaur Hexslinger)                Turns: 1252, Time: 00:00:31

Health: -2/36      AC:  5    Str: 13    XL:     4   Next: 1%
Magic:  4/4        EV: 11    Int: 10    God:
Gold:   35         SH:  0    Dex: 14    Spells: 4/5 levels left

rFire   . . .        Y - +1 sling
rCold   . . .        (no shield)
rNeg    . . .        k - +0 ring mail
rPois   .            (helmet restricted)
rElec   .            (no cloak)
rCorr   .            (no gloves)
SInv    .            (no boots)
Will    .....        (no amulet)
Stlth   +            (no ring)
HPRegen 0.26/turn    (no ring)
MPRegen 0.09/turn

%: no passive effects
@: about to teleport
A: horns 2, retaliatory headbutt
a: no special abilities


You were on level 2 of the Dungeon.
You visited 1 branch of the dungeon, and saw 2 of its levels.

You collected 80 gold pieces.
You spent 45 gold pieces at shops.


Innate Abilities, Weirdness & Mutations

You have a pair of horns on your head.
You reflexively headbutt those who attack you in melee.


   Skills:
 - Level 2.0 Fighting
 + Level 4.3 Ranged Weapons
 - Level 1.1 Armour
 - Level 2.1 Dodging
 - Level 1.0 Spellcasting
 - Level 2.0 Hexes


You had 4 spell levels left.
You knew the following spells:

 Your Spells              Type           Power      Damage    Failure   Level
a - Slow                  Hex            16%        N/A       32%         1

Your spell library contained the following spells:

 Spells                   Type           Power      Damage    Failure   Level
 Inner Flame              Hex/Fire       2%         N/A       82%         3
 Portal Projectile        Hex/Tloc       4%         N/A       82%         3
 Cause Fear               Hex            2%         N/A       97%         4

Inventory:

Hand Weapons
 Y - a +1 sling (weapon)
Armour
 e - a +0 cloak
 k - a +0 ring mail (worn)
Scrolls
 c - a scroll of enchant armour {unknown}
Potions
 b - a potion of heal wounds {unknown}
 d - a potion of enlightenment {unknown}
 h - a potion of ambrosia {unknown}
 l - a potion of lignification {unknown}

Dungeon Overview and Level Annotations

Branches:
Dungeon (2/15)

Altars:

Shops:
D:2 [


Message History

The gnoll is almost dead.
You shoot a sling bullet. The sling bullet hits the gnoll!
You kill the gnoll!
You have reached level 4!
You feel stronger.
You shoot a sling bullet.
The sling bullet barely misses the gnoll.
The gnoll throws a throwing net.
The throwing net hits you.
You become entangled in the net!
You tear a large gash into the net.
The gnoll hits you from afar with a +0 spear.
You shred the net and break free! The gnoll barely misses you.
You shoot a sling bullet.
The sling bullet hits the gnoll but does no damage.
The gnoll hits you from afar with a +0 spear.
You shoot a sling bullet.
The sling bullet hits the gnoll but does no damage.
The gnoll hits you from afar with a +0 spear. x2
You shoot a sling bullet.
The sling bullet barely misses the gnoll.
A gnoll comes into view. It is wielding a +0 spear.
A gnoll comes into view. It is wielding a +0 whip.
The gnoll hits you from afar with a +0 spear.
You shoot a sling bullet.
The sling bullet closely misses the gnoll.
The gnoll shouts!
The gnoll hits you from afar with a +0 spear!
You shoot a sling bullet. The sling bullet hits the gnoll.
The gnoll is moderately wounded.
The gnoll hits you from afar with a +0 spear.
The gnoll barely misses you.
You shoot a sling bullet. The sling bullet hits the gnoll.
The gnoll is lightly wounded.
The gnoll closely misses you. The gnoll hits you with a +0 whip.
1252 ||| READING scroll of teleportation.
As you read the scroll of teleportation, it crumbles to dust.
You feel strangely unstable. The gnoll hits you with a +0 whip.
The gnoll hits you from afar with a +0 spear.
You die...

...##### #.#
........ #.# #
#..##... ##.# ? #
#....... #...
.#.###..##...
#..###.<.##........
##.g[..........###..
#..).g..............
#..@g..........###..
#...##########.# #..
#...# #.# #.. #...#
#.# #.. ####).#
######.# #..
#.....#####......#
#.#
#.##........######
#.# #.##.%#####.#
#.# #...........#
#.#


You could see 3 gnolls.

Vanquished Creatures
  A gnoll (D:2)
  2 adders (D:2)
  4 ball pythons (D:1)
  8 endoplasms
  2 giant cockroaches (D:2)
  A goblin (D:1)
  3 hobgoblins
  5 jackals
  2 kobolds (D:2)
  A quokka (D:2)
  3 bats
  2 frilled lizards (D:2)
  A rat (D:2)
35 creatures vanquished.

Notes
Turn   | Place    | Note
-------+----------+-------------------------------------------
     0 | D:1      | qw the Minotaur Hexslinger began the quest for the Orb.
     0 | D:1      | Reached XP level 1. HP: 16/16 MP: 1/1
     0 | D:1      | 0 ||| qw: Version: 0.3-a-24-ga2abf7b
     0 | D:1      | 0 ||| qw: Game counter: 7052
     0 | D:1      | 0 ||| qw: Melee chars always use a shield: true
     0 | D:1      | 0 ||| qw: God list: Okawaru
     0 | D:1      | 0 ||| qw: Allow faded altars: false
     0 | D:1      | 0 ||| qw: Do Orc after clearing Dungeon:15 true
     0 | D:1      | 0 ||| qw: Do second Lair branch before Depths: true
     0 | D:1      | 0 ||| qw: Lair rune preference: random
     0 | D:1      | 0 ||| qw: Goals: Normal
     0 | D:1      | 0 ||| PLANNING D:1-11
   210 | D:1      | HP: 3/16 [frozen (4)]
   212 | D:1      | Reached skill level 3 in Ranged Weapons
   283 | D:1      | Reached XP level 2. HP: 23/23 MP: 2/2
   470 | D:1      | 470 ||| Stepping ~*~*~tactically~*~*~ (outnumbered).
   796 | D:1      | 796 ||| UPGRADING to +0 ring mail.
   806 | D:1      | 806 ||| DROPPING +0 robe.
   807 | D:1      | 807 ||| DROPPING ring of wizardry.
   808 | D:1      | 808 ||| READING scroll labelled XEDOUN PERUG.
   853 | D:1      | 853 ||| READING scroll labelled LIFACO LAFFES.
   854 | D:1      | 854 ||| READING scroll labelled QUITIGI MUDO.
   857 | D:1      | 857 ||| READING scroll labelled CYKONY ATIG ICU.
   858 | D:1      | 858 ||| DROPPING scroll of poison.
   917 | D:2      | Reached XP level 3. HP: 20/29 MP: 3/3
  1047 | D:2      | Reached skill level 4 in Ranged Weapons
  1077 | D:2      | Reached skill level 1 in Armour
  1143 | D:2      | Found Wimisyamu's Armour Emporium.
  1146 | D:2      | 1146 ||| BUYING +0 cloak (45 gold).
  1146 | D:2      | Bought a +0 cloak for 45 gold pieces
  1243 | D:2      | Reached XP level 4. HP: 36/36 MP: 4/4
  1251 | D:2      | HP: 8/36 [gnoll/+0 whip (4)]
  1252 | D:2      | 1252 ||| READING scroll of teleportation.
  1252 | D:2      | HP: 2/36 [gnoll/+0 whip (6)]
  1252 | D:2      | Slain by a gnoll

Levels and vault maps discovered:
D:1:      nzn_arrival_depleted_hourglass, layout_basic
D:2:      layout_loops_ring, serial_shops, nicolae_shop_pleasant_corner_grove

Skill      XL: |  1  2  3 |
---------------+----------+-----
Ranged Weapons | 3 4 |  4.3
Fighting       | 2 |  2.0
Armour         | 1 |  1.1
Dodging        | |  2.1
Spellcasting   | |  1.0
Hexes          | |  2.0

Action                     |  1- 3 |  4- 6 || total
---------------------------+-------+-------++-------
   Fire: Sling             |   120 |     7 ||   127
    Use: Scroll            |     4 |     1 ||     5
 Armour: Robe              |     4 |       ||     4
         Ring mail         |    17 |       ||    17
  Dodge: Dodged            |    48 |     3 ||    51

Table legend:
 A = Non-vault XP
 B = Vault XP
 C = Vault XP percentage of total XP
 D = Non-vault monster count
 E = Vault monster count
 F = Vault count percentage of total count
                 A         B        C        D         E       F
            +---------+---------+-------+---------+---------+-------
      Total |      98 |       0 |   0.0 |      35 |       0 |   0.0
            +---------+---------+-------+---------+---------+-------
        D:1 |      30 |       0 |   0.0 |      16 |       0 |   0.0
        D:2 |      68 |       0 |   0.0 |      19 |       0 |   0.0
            +---------+---------+-------+---------+---------+-------
